 Dungeon Crawl Stone Soup version 0.29-a0-321-gf1c400731a (webtiles) character file.

Game seed: 15226695545468563028

3244 YayAnonymity the Cleaver (level 10, -12/71 HPs)
             Began as a Formicid Fighter on Apr 4, 2022.
             Was a Follower of Qazlal.
             Mangled by a seven-headed hydra (13 damage)
             ... on level 8 of the Dungeon on Apr 5, 2022.
             The game lasted 00:15:56 (8040 turns).

YayAnonymity the Cleaver (Formicid Fighter)         Turns: 8040, Time: 00:15:56

Health: -12/71     AC: 13    Str: 24    XL:     10   Next: 18%
Magic:  10/13      EV:  6    Int: 17    God:    Qazlal [*.....]
Gold:   444        SH:  7    Dex: 10    Spells: 9/9 levels left

rFire   . . .      SeeInvis +   a - +0 war axe
rCold   . . .      Faith    .   c - +0 buckler
rNeg    . . .      Spirit   .   d - +0 plate armour
rPois   .          Reflect  .   (helmet unavailable)
rElec   .          Harm     .   (no cloak)
rCorr   .          Rampage  .   k - +0 pair of gloves
Will    +....                   (no boots)
Stlth   ..........              (no amulet)
HPRegen 0.21/turn               i - +6 ring of intelligence
MPRegen 0.13/turn               (no ring)

@: no status effects
A: permanent stasis, dig shafts and tunnels, antennae 3, four strong arms,
clever 1
a: Dig, Shaft Self, Renounce Religion


You were on level 8 of the Dungeon.
You worshipped Qazlal.
Qazlal was aware of your devotion.
You visited 2 branches of the dungeon, and saw 10 of its levels.
You also visited: Ossuary.

You collected 444 gold pieces.

Inventory:

Hand Weapons
 a - a +0 war axe (weapon)
Missiles
 n - 11 boomerangs
 o - 6 poisoned darts (quivered)
Armour
 c - a +0 buckler (worn)
 d - a +0 plate armour (worn)
 k - a +0 pair of gloves (worn)
Jewellery
 i - a +6 ring of intelligence (left hand)
Wands
 b - a wand of flame (13)
Scrolls
 l - a scroll of amnesia
Potions
 e - 4 potions of curing
 f - 3 potions of heal wounds
 g - 4 potions of flight
 h - a potion of ambrosia
 j - 6 potions of brilliance
 p - a potion of lignification


   Skills:
 - Level 4.0 Fighting
 * Level 12.4 Axes
 - Level 5.0 Armour
 - Level 5.0 Shields
 - Level 4.0 Invocations


You had 9 spell levels left.
You didn't know any spells.
Your spell library contained the following spells:

 Spells                   Type           Power      Damage    Failure   Level
 Shock                    Conj/Air       0%         1d3       99%         1
 Slow                     Hex            0%         N/A       99%         1
 Static Discharge         Conj/Air       0%         N/A       100%        2
 Sublimation of Blood     Necr           0%         N/A       100%        2
 Confusing Touch          Hex            0%         N/A       100%        3
 Spider Form              Tmut/Pois      0%         N/A       100%        3
 Vampiric Draining        Necr           0%         2d6       100%        3
 Airstrike                Air            0%         N/A       100%        4
 Dispel Undead            Necr           0%         3d6       100%        4
 Fulminant Prism          Conj/Hex       0%         3d6       100%        4
 Iskenderun's Mystic Bla  Conj/Tloc      0%         2d3       100%        4
 Petrify                  Tmut/Erth      0%         N/A       100%        4
 Sticky Flame             Conj/Fire      0%         2d3       100%        4
 Irradiate                Conj/Tmut      0%         3d13      100%        5
 Lee's Rapid Deconstruct  Erth           0%         3d5*      100%        5
 Eringya's Noxious Bog    Tmut/Pois      0%         N/A       100%        6
 Polar Vortex             Ice            0%         N/A       100%        9
 Swiftness                Air            Unusable   N/A       N/A         3

Dungeon Overview and Level Annotations

Branches:
Dungeon (9/15)             Temple (1/1) D:6            Lair (0/6) D:8
Ossuary (visited)
    Orc: D:9-12

Altars:
Ashenzari
Cheibriados
Dithmenos
Elyvilon
Fedhas
Gozag
Hepliaklqana
Kikubaaqudgha
Makhleb
Nemelex Xobeh
Okawaru
Qazlal
Ru
Sif Muna
Trog
Uskayaw
Vehumet
Wu Jian
Xom
Yredelemnul
Zin
The Shining One

Shops:
D:7 ([[(


Innate Abilities, Weirdness & Mutations

You cannot be hasted, slowed, berserked, paralysed or teleported.
You can dig through walls and to a lower floor.
You have a pair of large antennae on your head. (SInv)
Your four strong arms can wield two-handed weapons with a shield.
Your mind is acute. (Int +2)


Message History

The acid corrodes the seven-headed hydra!
The seven-headed hydra bites your orc. The seven-headed hydra bites your orc!
Your orc dies!
Your orc's corpse dissolves into shadows!
The seven-headed hydra barely misses your bullfrog.
The seven-headed hydra bites your bullfrog.
The seven-headed hydra bites your bullfrog! x2
The seven-headed hydra bites your bullfrog.
Your jelly hits the seven-headed hydra.
The seven-headed hydra is splashed with acid.
The seven-headed hydra seems to be corroded for longer.
Throw: 7 darts (poison)
Press: ? - help, Q - select action, (/) - cycle Shift-Dir - straight line, f/p - seven-headed hydra
Aim: a seven-headed hydra (heavily wounded, poisoned, covered in acid, ally target, 77% to hit)
You throw a poisoned dart.
The poisoned dart hits the seven-headed hydra.
The seven-headed hydra is heavily wounded.
Your bullfrog hits the seven-headed hydra.
Your bullfrog hits the seven-headed hydra!
Your jelly hits the seven-headed hydra.
The seven-headed hydra is splashed with acid.
The seven-headed hydra seems to be corroded for longer.
The seven-headed hydra attacks as you move away!
The seven-headed hydra bites you!
* * * LOW HITPOINT WARNING * * *
The seven-headed hydra barely misses you.
The seven-headed hydra bites you but does no damage.
The seven-headed hydra bites you.
* * * LOW HITPOINT WARNING * * *
The seven-headed hydra bites you.
* * * LOW HITPOINT WARNING * * *
The seven-headed hydra bites you but does no damage. x2
The seven-headed hydra attacks as you move away!
The seven-headed hydra bites you!
* * * LOW HITPOINT WARNING * * *
You block the seven-headed hydra's attack.
The seven-headed hydra bites you.
* * * LOW HITPOINT WARNING * * *
The seven-headed hydra bites you!
You die...

##.......###.......## ## ###
##.........#.....#...# ##.
..###..........##....#...#### #..
.............)..........#...###..
................#................
................#..........###...
................#.<......#...#...
.......##................#.......
.......###......@................
#.#..............DJ..##.........#
####...##.....<..°J...##........#
#.##...#..........F(...........#.
#.....#..#..........(........#...
..#####..#......#..........####..
...#............#...........# #..
#..........#...|....#......######
.................................


You could see a seven-headed hydra (poisoned, corroded, ally target), a friendly
bullfrog (summoned) and 2 friendly jellies.

Vanquished Creatures
  A cyclops (D:7)
  A gargoyle (D:7)
  A wyvern (D:5)
  An orc warrior (D:7)
  2 ice beasts (D:7)
  2 sky beasts
  3 black bears
  An ogre (D:7)
  A scorpion (D:4)
  2 necrophages
  5 bullfrogs
  4 water moccasin zombies (Ossuary)
  A howler monkey (D:8)
  4 jellies
  2 orc priests
  5 hounds
  5 iguanas
  2 orc wizards
  3 mummies
  4 gnolls (D:8)
  7 adders
  A white imp (D:7)
  2 ufetubi (D:5)
  3 adder zombies (Ossuary)
  9 worms
  3 dart slugs
  16 orcs
  3 bats
  16 endoplasms
  3 giant cockroaches
  10 goblins
  8 hobgoblins
  3 quokkas
  10 ball pythons
  4 frilled lizards
  A goblin zombie (D:8)
  3 hobgoblin zombies (Ossuary)
  12 kobolds
  2 kobold zombies
  6 orc zombies (Ossuary)
  5 rats
177 creatures vanquished.

Vanquished Creatures (others)
  A sky beast (D:7)
  A fungus (D:3)
  6 toadstools (D:3)
8 creatures vanquished.

Grand Total: 185 creatures vanquished

Notes
Turn   | Place    | Note
-------+----------+-------------------------------------------
     0 | D:1      | YayAnonymity the Formicid Fighter began the quest for the
                  | Orb.
     0 | D:1      | Reached XP level 1. HP: 18/18 MP: 1/1
   174 | D:1      | Reached XP level 2. HP: 23/24 MP: 2/2
   481 | D:2      | Reached XP level 3. HP: 29/29 MP: 3/3
   936 | D:2      | Reached XP level 4. HP: 37/37 MP: 4/4
   955 | D:2      | Reached skill level 3 in Axes
  1202 | D:2      | Reached XP level 5. HP: 38/42 MP: 5/5
  1970 | D:3      | Found a faded altar of an unknown god.
  2236 | D:3      | Found a glowing golden altar of the Shining One.
  2239 | D:3      | Found an ornate altar of the Wu Jian Council.
  2272 | D:3      | Found a bloodstained altar of Trog.
  2275 | D:3      | Found a burning altar of Makhleb.
  2447 | D:3      | Reached skill level 4 in Axes
  2457 | D:3      | Reached XP level 6. HP: 48/48 MP: 6/6
  2765 | D:4      | Reached skill level 5 in Shields
  2774 | D:4      | Got the Compendium of Freezing Intoxication
  3194 | D:4      | You fall into a shaft and drop 3 floors!
  3194 | D:7      | Noticed a black bear
  3198 | D:7      | Killed a black bear
  3199 | D:7      | Reached skill level 5 in Axes
  3199 | D:7      | Reached XP level 7. HP: 53/54 MP: 7/7
  3218 | D:6      | Reached skill level 5 in Armour
  3334 | D:6      | Found a staircase to the Ecumenical Temple.
  3348 | D:6      | Reached skill level 6 in Axes
  3349 | Temple   | Entered the Ecumenical Temple
  3408 | Temple   | Became a worshipper of Qazlal Stormbringer
  3656 | D:5      | Entered Level 5 of the Dungeon
  3818 | D:5      | Reached skill level 1 in Invocations
  3864 | D:5      | Reached XP level 8. HP: 43/60 MP: 7/9
  4008 | D:5      | Noticed a wyvern
  4017 | D:5      | Killed a wyvern
  4018 | D:5      | Reached skill level 7 in Axes
  4878 | D:6      | Reached skill level 8 in Axes
  5098 | D:7      | Gained mutation: Your mind is acute. (Int +2) [potion of
                  | mutation]
  5223 | D:7      | Found Motz's Armour Shoppe.
  5252 | D:7      | Reached XP level 9. HP: 65/65 MP: 12/12
  5265 | D:7      | Noticed a cyclops
  5271 | D:7      | Reached skill level 9 in Axes
  5481 | D:7      | Killed a cyclops
  5482 | D:7      | Reached skill level 10 in Axes
  5657 | D:7      | Found Galaever's Weapon Shop.
  6069 | D:7      | Noticed a gargoyle
  6097 | D:7      | Killed a gargoyle
  6098 | D:7      | Reached skill level 11 in Axes
  6312 | D:7      | Found Oclallur's Armour Shop.
  6331 | D:7      | Found Vupn's Antique Weapon Boutique.
  6529 | D:8      | Found a staircase to the Lair.
  6556 | D:7      | Reached XP level 10. HP: 31/71 MP: 13/13
  6745 | D:8      | Reached * piety under Qazlal
  6817 | D:8      | Found a sand-covered staircase.
  6847 | Ossuary  | Entered an ossuary
  7092 | Ossuary  | Reached skill level 12 in Axes
  7199 | Ossuary  | Reached ** piety under Qazlal
  7635 | D:9      | Noticed a seven-headed hydra
  8040 | D:8      | HP: 3/71 [seven-headed hydra (7)]
  8040 | D:8      | HP: 1/71 [seven-headed hydra (2)]
  8040 | D:8      | Mangled by a seven-headed hydra

Illustrated notes

Levels and vault maps discovered:
D:1:      moated_graveyard_arrival, layout_rooms
D:2:      layout_loops_ring, minmay_pentomino_u4
D:3:      cheibrodos_fertilizer, layout_rooms, grunt_temple_overflow_cloverleaf,
          ebering_ecumenical_altar_sacrificial, palyth_stone_intersect
D:4:      layout_layer_cave
D:5:      layout_rooms
D:6:      layout_layer_cave, minmay_temple_entry_junction_2,
          kennysheep_generic_room_7
D:7:      layout_basic, serial_shops, shop, nicolae_shop_bloodbath_and_beyond,
          shop, shop
D:8:      layout_cave_pools, lair_entry_dummy, nicolae_ossuary_entry_giza
D:9:      cheibrodos_barr_body, layout_stronghold, uniq_maggie, uniq_harold
Temple:   regret_index_temple_mists

Skill      XL: |  1  2  3  4  5  6  7  8  9 10 |
---------------+-------------------------------+-----
Shields        | 4 5 |  5.0
Axes           | 3 4 5 6 8 11 12 | 12.4
Fighting       | 4 |  4.0
Armour         | 4 5 |  5.0
Invocations    | 2 4 |  4.0

Action                   |  1- 3 |  4- 6 |  7- 9 | 10-12 || total
-------------------------+-------+-------+-------+-------++-------
Melee: War axe           |    56 |   167 |   207 |   120 ||   550
Throw: Dart              |       |       |       |     2 ||     2
Invok: Upheaval          |       |       |       |     1 ||     1
 Abil: Dig               |       |     1 |       |       ||     1
  Use: Scroll            |       |     8 |     5 |     5 ||    18
       Potion            |       |     1 |     9 |     1 ||    11
Armor: Scale mail        |    14 |    63 |     8 |       ||    85
       Plate armour      |       |       |   107 |    71 ||   178
       Skin              |       |       |     1 |       ||     1
Dodge: Dodged            |    20 |    66 |    67 |    34 ||   187
Block: Buckler           |     8 |    44 |    53 |    44 ||   149

Table legend: (Time is in decaauts)
 A = Elapsed time spent in this place.
 B = Non-inter-level travel time spent in this place.
 C = Inter-level travel time spent in this place.
 D = Time resting spent in this place.
 E = Time spent auto-exploring this place.
 F = Levels seen in this place.
 G = Mean time per level.
                   A        B        C        D        E       F      G
               +--------+--------+--------+--------+--------+-----+--------+
         Total |   8177 |   7909 |    268 |   1408 |   4769 |  11 |  743.4 |
       Dungeon |   7599 |   7351 |    248 |   1186 |   4631 |   9 |  844.3 |
        Temple |    188 |    168 |     20 |      0 |    138 |   1 |  188.0 |
       Ossuary |    389 |    389 |      0 |    222 |      0 |   1 |  389.0 |
               +--------+--------+--------+--------+--------+-----+--------+

Top non-repeatable levels by time:
     D:7: 1451 daAuts
     D:2: 1338 daAuts
     D:3: 996 daAuts
     D:5: 900 daAuts
     D:6: 871 daAuts
     D:8: 866 daAuts
     D:4: 574 daAuts
     D:1: 489 daAuts
 Ossuary: 389 daAuts
  Temple: 188 daAuts
     D:9: 110 daAuts
